Map: Blood Boil LE

Players

Salvite - Winner!

  • Race: Terran Terran
  • Spawn Location: 11:00

A.I. 1 (Very Easy)

  • Race: Terran Terran
  • Spawn Location: 5:00

VOD

Have the link to the VOD?

Description

Time

  • Played on: May 31, 2017, 9:49 p.m.
  • Length: 10:47
Show
View Real Time Build Order
Export as new Build Order

Salvite Terran - Winner!

Build Orders:  

Get SALT Encoding   

  12  0:00  Unknown  
  12  0:01  SCV  
  13  0:13  SCV  
  14  0:20  Supply Depot  
  14  0:25  SCV  
  15  0:42  SCV  
  16  0:47  Barracks  
  16  0:54  SCV  
  17  1:00  Supply Depot  
  17  1:11  SCV  
  18  1:27  Supply Depot  
  18  1:34  Orbital Command  
  18  1:43  Marine  
  19  1:57  Supply Depot  
  19  2:03  SCV  
  19  2:05  Marine  
  21  2:15  Refinery, SCV  
  22  2:23  Marine  
  22  2:27  SCV  
  23  2:31  Command Center  
  23  2:39  SCV  
  23  2:40  Marine  
  25  2:51  SCV  
  26  2:58  Marine  
  27  3:11  SCV  
  28  3:39  Barracks  
  28  3:43  Marine  
  29  4:28  Barracks  
  29  4:33  SCV x2  
  31  4:45  SCV  
  31  4:48  Marine x2  
  34  5:01  Supply Depot  
  34  5:05  Marine  
  34  5:24  Supply Depot  
  30  5:34  Marine x3  
  33  5:38  SCV x2  
  35  5:48  Supply Depot  
  35  5:51  Marine  
  35  5:52  Marine x2  
  37  6:06  Supply Depot  
  37  6:08  SCV x2  
  37  6:09  Marine x2  
  37  6:10  Marine  
  42  6:20  SCV  
  42  6:21  SCV  
  44  6:29  Marine x3  
  47  6:34  SCV x2  
  49  6:46  SCV x2  
  51  6:47  Marine x3  
  48  7:04  Marine  
  48  7:05  Marine x2  
  51  7:17  SCV x2  
  51  7:22  Marine  
  53  7:23  Marine x2  
  53  7:27  Supply Depot  
  56  7:40  Marine x2  
  56  7:41  Marine  
  59  7:52  Supply Depot  
  57  8:18  Supply Depot  
  57  8:42  Supply Depot  
  56  9:08  Supply Depot  
  56  9:32  Supply Depot  
  55  10:13  Marine x3  
Show
View Real Time Build Order
Export as new Build Order

A.I. 1 (Very Easy) Terran 

Build Orders:  

Get SALT Encoding   

  12  0:00  Unknown, SCV  
  13  0:13  SCV  
  14  0:20  Supply Depot  
  14  0:39  Refinery  
  14  0:45  Barracks  
  14  1:06  Supply Depot  
  14  1:15  Refinery  
  14  1:32  Marine  
  15  1:34  SCV  
  16  1:46  SCV  
  17  1:58  SCV  
  18  2:02  Marine  
  19  2:10  SCV  
  20  2:22  SCV  
  21  2:32  Marine  
  21  2:34  SCV  
  23  2:47  Orbital Command  
  23  5:01  Marine  
  23  5:04  Supply Depot  
  21  5:08  SCV  
  16  5:20  SCV  
  11  5:29  Marine  
  11  5:32  SCV  
  11  5:40  Factory  
  11  5:44  SCV  
  11  5:56  SCV  
  11  5:58  Marine  
  11  6:03  Command Center  
  12  6:08  SCV  
  12  6:21  SCV  
  13  6:27  Starport, Marine  
  14  6:33  SCV  
  15  6:45  SCV  
  13  6:56  Hellion  
  13  6:57  SCV  
  14  7:02  Starport Tech Lab  
  14  7:09  SCV  
  14  7:15  SCV  
  16  7:21  Raven  
  16  7:22  SCV  
  19  7:24  Refinery  
  19  7:29  Marine, SCV  
  21  7:36  SCV  
  22  7:44  SCV  
  23  7:51  SCV  
  24  7:58  SCV  
  25  8:02  Hellion  
  25  8:04  Raven  
  25  8:05  SCV  
  30  8:12  SCV  
  24  8:19  SCV  
  25  8:26  SCV  
  21  8:31  Hellion  
  21  8:34  SCV  
  15  8:41  SCV  
  17  8:48  SCV  
  13  8:55  SCV  
  13  8:59  Hellion  
  16  9:02  SCV  
  14  9:10  SCV  
  14  9:17  SCV  
  13  9:24  SCV  
  13  9:28  Hellion  
  14  9:31  SCV  
  15  9:38  SCV  
  14  9:45  SCV  
  12  9:52  SCV  
  12  10:00  SCV  
  11  10:07  SCV  
  10  10:14  SCV  
  9  10:21  SCV  
  7  10:28  SCV  
Tags
 
Matchup
TvT
Race
Terran
Spawn Locations
Cross Positions
Add a new tag
Caveats
  • Supply blocks, unpowered buildings, or Contaminate may cause inaccurate times.
  • Supply counts are checked every 10 seconds.